 Dungeon Crawl Stone Soup version 0.22-a0-268-g1cc83ef (webtiles) character file.

261 Borgoz the Skirmisher (level 6, -3/53 HPs)
             Began as a Gnoll Abyssal Knight on Mar 9, 2018.
             Was a Believer of Lugonu.
             Killed by nerve-wracking pain
             ... invoked by Grinder
              (12 damage)
             ... on level 4 of the Dungeon.
             The game lasted 00:12:34 (4051 turns).

Borgoz the Skirmisher (Gnoll Abyssal Knight)        Turns: 4051, Time: 00:12:35

Health: -3/53      AC: 11    Str: 19    XL:     6   Next: 18%
Magic:  9/9        EV: 18    Int: 14    God:    Lugonu [**....]
Gold:   135        SH:  0    Dex: 20    Spells: 8/8 levels left

rFire    . . .     SeeInvis .   a - +1 hand axe
rCold    + . .     Gourm    .   (no shield)
rNeg     . . .     Faith    .   y - +1 leather armour of Xelescheun {-Tele rC+ Str+3}
rPois    .         Spirit   .   r - +2 helmet
rElec    .         Reflect  .   (no cloak)
rCorr    .         Harm     .   (no gloves)
MR       .....     NoTele   +   (no boots)
Stlth    +++.......             (no amulet)
HPRegen  0.17/turn              p - +4 ring of protection
MPRegen  0.11/turn              (no ring)

@: agile
A: distributed training, fangs 1, strong nose
a: Depart the Abyss, Bend Space, Renounce Religion


You were on level 4 of the Dungeon.
You worshipped Lugonu.
Lugonu was pleased with you.
You were very hungry.

You visited 1 branch of the dungeon, and saw 4 of its levels.
You visited the Abyss 1 time.

You collected 135 gold pieces.

Inventory:

Hand Weapons
 a - a +1 hand axe (weapon)
Armour
 b - a +0 leather armour
 r - a +2 helmet (worn)
 y - the +1 leather armour of Xelescheun (worn) {-Tele rC+ Str+3}
   (You found it on level 4 of the Dungeon)

   It affects your strength (+3).
   It protects you from cold.
   It prevents most forms of teleportation.
Jewellery
 p - a +4 ring of protection (left hand)
 s - an uncursed ring of protection from fire
Wands
 q - a wand of random effects (29)
Scrolls
 d - a scroll of teleportation {unknown}
 e - 2 scrolls of immolation {unknown}
 f - 2 scrolls of fear {unknown}
 h - 6 scrolls of remove curse
 o - a scroll of blinking {unknown}
 t - 2 scrolls of enchant weapon {unknown}
 v - a scroll of fog {unknown}
 w - a scroll of amnesia {unknown}
Potions
 g - a potion of resistance
 i - 4 potions of lignification
 j - a potion of agility
 m - 2 potions of heal wounds
 n - a potion of curing {unknown}
 u - a potion of brilliance {unknown}
Comestibles
 c - 6 rations


   Skills:
 + Level 6.8 Fighting
 + Level 1.8 Short Blades
 + Level 1.8 Long Blades
 + Level 4.9 Axes
 + Level 1.8 Maces & Flails
 + Level 1.8 Polearms
 + Level 1.8 Staves
 + Level 1.8 Slings
 + Level 1.8 Bows
 + Level 1.8 Crossbows
 + Level 1.8 Throwing
 + Level 4.9 Armour
 + Level 3.1 Dodging
 + Level 1.8 Stealth
 + Level 1.8 Shields
 + Level 1.8 Unarmed Combat
 + Level 1.8 Spellcasting
 + Level 1.4 Conjurations
 + Level 1.4 Hexes
 + Level 1.4 Charms
 + Level 1.4 Summonings
 + Level 1.4 Necromancy
 + Level 1.4 Translocations
 + Level 1.4 Transmutations
 + Level 1.4 Fire Magic
 + Level 1.4 Ice Magic
 + Level 1.4 Air Magic
 + Level 1.4 Earth Magic
 + Level 1.4 Poison Magic
 + Level 5.0 Invocations
 + Level 1.8 Evocations


You had 8 spell levels left.
You didn't know any spells.

Dungeon Overview and Level Annotations

Branches:
Dungeon (4/15)
 Temple: D:4-7

Altars:
Hepliaklqana
Sif Muna

Annotations:
D:4 Grinder


Innate Abilities, Weirdness & Mutations

Your experience applies equally to all skills.
You have very sharp teeth.
Your uncanny sense of smell can sniff out nearby items.


Message History

Grinder is severely wounded.
Grinder hits you but does no damage.
You hit Grinder but do no damage. You bite Grinder, but do no damage.
Grinder is severely wounded.
Grinder gestures at you. You resist with significant effort.
You hit Grinder.
Grinder is almost dead.
Grinder hits you!
You writhe in agony.
You closely miss Grinder.
Grinder is almost dead.
Grinder gestures at you. Pain shoots through your body!
* * * LOW HITPOINT WARNING * * *
You hit Grinder but do no damage.
Grinder is almost dead.
Grinder says, "Tell me all your secrets, or I'll kill you."
Grinder gestures at you. Pain shoots through your body!
You die...

##########.######.
#.......#...####.. ##<##
#...#......#
##...####.....##.#..
###.5#..#.............
#...###........###....
###.#..#..#.#..#.# #####
........5.#.#...#.#######
........@..###...........
#####......##
##..#######.
####?.####.###.[.# #. ##.
#.....? #..#....##### #.
#.. #.##..# #.#<#.......
#. #.# #.##..#
#.#.....>.# #. ∆..#
#.##..#.##.#..>....# #.
#.# ##.##..#.##.........#
#. #.#
#..§...#.####.......# ##


You could see Grinder.

Vanquished Creatures
  A scorpion (D:4)
  A quasit (Abyss:1)
  A hound (D:4)
  A worker ant (D:3)
  3 adders
  2 oozes (D:1)
  A worm (D:2)
  A dart slug (D:2)
  2 leopard geckos (D:4)
  3 orcs (D:4)
  7 giant cockroaches
  8 goblins
  9 hobgoblins
  6 jackals (D:3)
  6 kobolds
  A quokka (D:3)
  12 bats
  5 frilled lizards
  6 rats
76 creatures vanquished.

Notes
Turn   | Place    | Note
-------+----------+-------------------------------------------
     0 | Abyss:1  | Borgoz the Gnoll Abyssal Knight began the quest for the Orb.
     0 | Abyss:1  | Reached XP level 1. HP: 23/23 MP: 3/3
     5 | Abyss:1  | Found a corrupted altar of Lugonu.
    66 | Abyss:1  | Noticed a quasit
    79 | Abyss:1  | Killed a quasit
    79 | Abyss:1  | Reached XP level 2. HP: 14/29 MP: 5/5
    79 | Abyss:1  | Reached XP level 3. HP: 17/35 MP: 6/6
    88 | Abyss:1  | Noticed a starcursed mass
    90 | D:1      | Escaped the Abyss
   387 | D:1      | Reached * piety under Lugonu
   526 | D:1      | Reached skill level 1 in Short Blades
   526 | D:1      | Reached skill level 1 in Long Blades
   526 | D:1      | Reached skill level 1 in Maces & Flails
   526 | D:1      | Reached skill level 1 in Polearms
   526 | D:1      | Reached skill level 1 in Staves
   526 | D:1      | Reached skill level 1 in Slings
   526 | D:1      | Reached skill level 1 in Bows
   526 | D:1      | Reached skill level 1 in Crossbows
   526 | D:1      | Reached skill level 1 in Throwing
   526 | D:1      | Reached skill level 1 in Stealth
   526 | D:1      | Reached skill level 1 in Shields
   526 | D:1      | Reached skill level 1 in Unarmed Combat
   526 | D:1      | Reached skill level 1 in Spellcasting
   526 | D:1      | Reached skill level 1 in Evocations
   618 | D:1      | Reached XP level 4. HP: 41/41 MP: 7/7
  2179 | D:3      | Reached skill level 1 in Conjurations
  2179 | D:3      | Reached skill level 1 in Hexes
  2179 | D:3      | Reached skill level 1 in Charms
  2179 | D:3      | Reached skill level 1 in Summonings
  2179 | D:3      | Reached skill level 1 in Necromancy
  2179 | D:3      | Reached skill level 1 in Translocations
  2179 | D:3      | Reached skill level 1 in Transmutations
  2179 | D:3      | Reached skill level 1 in Fire Magic
  2179 | D:3      | Reached skill level 1 in Ice Magic
  2179 | D:3      | Reached skill level 1 in Air Magic
  2179 | D:3      | Reached skill level 1 in Earth Magic
  2179 | D:3      | Reached skill level 1 in Poison Magic
  2252 | D:3      | Reached ** piety under Lugonu
  2408 | D:3      | Reached XP level 5. HP: 27/47 MP: 8/8
  2969 | D:4      | Found a hazy altar of Hepliaklqana.
  3086 | D:4      | Reached skill level 5 in Invocations
  3086 | D:4      | Reached XP level 6. HP: 46/53 MP: 9/9
  3162 | D:4      | Found a deep blue altar of Sif Muna.
  3208 | D:4      | Got a crude leather armour
  3219 | D:4      | Identified the +1 leather armour of Xelescheun {-Tele rC+ Str+3} (You found it on level 4 of the Dungeon)
  3225 | D:4      | Noticed Grinder
  3233 | D:4      | Paralysed by Grinder for 3 turns
  3385 | D:4      | Noticed an orc warrior
  3811 | D:4      | Paralysed by Grinder for 5 turns
  3823 | D:4      | Paralysed by Grinder for 3 turns
  4051 | D:4      | Killed from afar by Grinder

Vault maps used:
D:1:      grunt_arrival_lava_bath
D:2:      first_ration
D:4:      nicolae_overflow_hidden_temple, kennysheep_generic_room_6,
          uniq_grinder

Skill      XL: |  1  2  3  4  5 |
---------------+----------------+-----
Short Blades   | 1 |  1.8
Long Blades    | 1 |  1.8
Maces & Flails | 1 |  1.8
Polearms       | 1 |  1.8
Staves         | 1 |  1.8
Slings         | 1 |  1.8
Bows           | 1 |  1.8
Crossbows      | 1 |  1.8
Throwing       | 1 |  1.8
Stealth        | 1 |  1.8
Shields        | 1 |  1.8
Unarmed Combat | 1 |  1.8
Spellcasting   | 1 |  1.8
Evocations     | 1 |  1.8
Conjurations   | 1 |  1.4
Hexes          | 1 |  1.4
Charms         | 1 |  1.4
Summonings     | 1 |  1.4
Necromancy     | 1 |  1.4
Translocations | 1 |  1.4
Transmutations | 1 |  1.4
Fire Magic     | 1 |  1.4
Ice Magic      | 1 |  1.4
Air Magic      | 1 |  1.4
Earth Magic    | 1 |  1.4
Poison Magic   | 1 |  1.4
Dodging        | 3 |  3.1
Invocations    | 5 |  5.0
Fighting       | |  6.8
Axes           | |  4.9
Armour         | |  4.9

Action                   |  1- 3 |  4- 6 || total
-------------------------+-------+-------++-------
Melee: Hand axe          |    68 |   213 ||   281
       Bite              |     4 |    20 ||    24
Invok: Depart the Abyss  |     1 |       ||     1
  Use: Scroll            |       |     6 ||     6
       Potion            |       |     1 ||     1
 Stab: Sleeping          |       |     6 ||     6
  Eat: Chunk             |       |     9 ||     9
Armor: Leather armour    |    32 |    61 ||    93
Dodge: Dodged            |    70 |   162 ||   232

Table legend:
 A = Spawn XP
 B = Non-spawn XP
 C = Spawn XP percentage of total XP
 D = Spawn monster count
 E = Non-spawn monster count
 F = Spawn count percentage of total count
 G = Total turns spent on level
                    A         B        C        D         E        F      G
               +---------+---------+-------+---------+---------+-------+---------
         Total |      46 |     327 |  12.3 |       1 |      75 |   1.3 |  4051
               +---------+---------+-------+---------+---------+-------+---------
           D:1 |       0 |      57 |   0.0 |       0 |      29 |   0.0 |  1179
           D:2 |       0 |      24 |   0.0 |       0 |      10 |   0.0 |   935
           D:3 |       0 |     102 |   0.0 |       0 |      27 |   0.0 |  1381
           D:4 |       0 |     144 |   0.0 |       0 |       9 |   0.0 |   466
       Abyss:1 |      46 |       0 | 100.0 |       1 |       0 | 100.0 |    90
               +---------+---------+-------+---------+---------+-------+---------
